Map: Royal Blood LE

Players

Zain

  • Race: Protoss Protoss
  • League: Diamond
  • Spawn Location: 1:00

MaNa - Winner!

  • Race: Protoss Protoss
  • Spawn Location: 7:00

Event: ESL SC2 Masters 2023 Summer (Finals)

VOD

Have the link to the VOD?

Description

Time

  • Played on: June 16, 2023, 6:15 a.m.
  • Length: 6:10

All games in this series

Show
View Real Time Build Order
Export as new Build Order

Zain Protoss 

Build Orders:  

Get SALT Encoding   

  12  0:00  Probe  
  13  0:12  Probe  
  14  0:17  Pylon  
  14  0:24  Probe (Chrono Boost)  
  16  0:36  Probe (Chrono Boost), Gateway  
  16  0:43  Probe (Chrono Boost)  
  16  0:46  Assimilator  
  17  0:50  Probe  
  17  0:54  Assimilator  
  18  1:03  Probe (Chrono Boost)  
  19  1:07  Gateway  
  20  1:12  Probe (Chrono Boost)  
  20  1:17  Probe (Chrono Boost)  
  20  1:23  Cybernetics Core  
  21  1:29  Probe  
  22  1:35  Pylon  
  22  1:42  Probe  
  23  2:00  Robotics Facility  
  23  2:01  Stalker  
  23  2:05  Stalker  
  27  2:09  Warp Gate  
  27  2:15  Pylon  
  27  2:31  Stalker  
  27  2:35  Stalker  
  31  2:39  Pylon  
  30  2:49  Immortal (Chrono Boost)  
  34  2:59  Pylon  
  34  3:05  Sentry  
  36  3:18  Warp Prism (Chrono Boost)  
  38  3:33  Twilight Council  
  38  3:52  Immortal (Chrono Boost)  
  42  3:55  Pylon  
  42  4:16  Dark Shrine  
  42  4:24  Probe  
  42  4:28  Pylon  
  43  4:36  Gateway  
  41  4:51  Stalker  
  41  4:52  Stalker  
  41  5:03  Probe  
  42  5:20  Shield Battery  
  42  5:30  Dark Templar  
  44  5:39  Pylon  
  38  5:45  Stalker x2  
  38  5:48  Shield Battery  
  25  6:05  Stalker  
Show
View Real Time Build Order
Export as new Build Order

MaNa Protoss - Winner!

Build Orders: Blink Stalkers 

Get SALT Encoding   

  12  0:00  Probe  
  13  0:12  Probe  
  14  0:17  Pylon  
  14  0:24  Probe (Chrono Boost)  
  15  0:36  Probe (Chrono Boost), Gateway  
  16  0:44  Probe (Chrono Boost)  
  16  0:46  Assimilator  
  17  0:51  Probe  
  18  1:03  Probe (Chrono Boost)  
  19  1:04  Assimilator  
  19  1:10  Gateway  
  19  1:12  Probe (Chrono Boost)  
  19  1:17  Probe (Chrono Boost)  
  20  1:24  Cybernetics Core  
  21  1:29  Probe  
  22  1:40  Pylon  
  22  1:41  Probe  
  23  1:58  Probe  
  23  2:00  Stalker  
  23  2:01  Warp Gate, Stalker  
  28  2:10  Probe  
  28  2:13  Pylon  
  29  2:23  Twilight Council  
  29  2:37  Stalker x2  
  33  2:44  Pylon  
  33  2:49  Probe  
  34  2:55  Blink (Chrono Boost), Shield Battery  
  34  3:05  Probe  
  34  3:11  Stalker  
  37  3:17  Stalker  
  39  3:24  Shield Battery  
  39  3:31  Gateway  
  37  3:49  Stalker  
  37  3:55  Stalker  
  41  3:56  Shield Battery  
  41  3:59  Probe  
  41  4:02  Gateway  
  42  4:12  Stalker  
  42  4:16  Pylon  
  44  4:24  Stalker  
  44  4:40  Stalker x2  
  46  4:57  Stalker  
  47  5:02  Stalker x2  
  52  5:20  Stalker x2  
  55  5:24  Pylon  
  55  5:41  Nexus  
  53  5:49  Robotics Facility  
  53  5:55  Sentry  
  53  5:56  Pylon  
Tags
 
Add a new tag
Caveats
  • Supply blocks, unpowered buildings, or Contaminate may cause inaccurate times.
  • Supply counts are checked every 10 seconds.